BR
HARTFORD DARTH WHALERS @ OTTAWA FAT CATS
08/23/2027
 
TOP OF THE 1ST
Hartford Darth Whalers batting - Pitching for Ottawa Fat Cats : RHP Juan De Jesús
Pitching: RHP Juan De Jesús
Batting: RHB José Chávez 0-0: SINGLE (Groundball, 4MD)
Batting: RHB José Sánchez 0-0: Ball
1-0: Called Strike
José Chávez steals 2nd base
1-1: Fly out, F8 (Line Drive, 8LM)
Batting: RHB Sidney Smith 0-0: Ball
1-0: Reached on error, E5 (Groundball, 56)
José Chávez to third
Batting: RHB Sean White 0-0: Foul Ball, location: 2F
0-1: Ball
1-1: Ball
Sidney Smith steals 2nd base
2-1: Ball
3-1: SINGLE (Groundball, 56D)
José Chávez scores
Sidney Smith to third
Runner from 3rd tries for Home, SAFE, no throw
Batting: RHB Augusto Padilla 0-0: Ball
Wild Pitch!
Sean White to second
1-0: Called Strike
1-1: Foul Ball, location: 2F
1-2: Foul Ball, location: 2F
1-2: Strikes out looking
Batting: RHB Luis Manuel Miranda 0-0: Called Strike
0-1: Ball
1-1: SINGLE (Flyball, 8RS)
Sean White to third
Runner from 3rd tries for Home, SAFE, no throw
Batting: LHB Pancho Hernández 0-0: Called Strike
0-1: Foul Ball, location: 2F
0-2: SINGLE (Line Drive, 4MD)
Luis Manuel Miranda to second
Batting: RHB Donny Boykins 0-0: Foul Ball, location: 2F
0-1: Swinging Strike
0-2: Foul Ball, location: 2F
0-2: Strikes out swinging
Top of the 1st over - 3 run(s), 4 hit(s), 1 error(s), 2 left on base; Hartford 3 - Ottawa 0
BOTTOM OF THE 1ST
Ottawa Fat Cats batting - Pitching for Hartford Darth Whalers : RHP Carlos Bojórquez
Pitching: RHP Carlos Bojórquez
Batting: RHB Luis Reynoso 0-0: Fly out, F6 (Popup, 6D)
Batting: RHB Santiago Díaz 0-0: Foul Ball, location: 2F
0-1: Ball
1-1: Ball
2-1: Fly out, F9 (Flyball, 89M)
Batting: RHB Tim Bonner 0-0: Ball
1-0: Called Strike
1-1: Called Strike
1-2: Foul Ball, location: 2F
1-2: Ball
2-2: Ball
3-2: Base on Balls
Batting: RHB George Green 0-0: Fly out, F7 (Line Drive, 7S)
Bottom of the 1st over - 0 run(s), 0 hit(s), 0 error(s), 1 left on base; Hartford 3 - Ottawa 0
TOP OF THE 2ND
Hartford Darth Whalers batting - Pitching for Ottawa Fat Cats : RHP Juan De Jesús
Batting: LHB Chris Henry 0-0: SINGLE (Line Drive, 4D)
Batting: RHB José Chávez 0-0: Ball
1-0: SINGLE (Line Drive, 3)
Chris Henry to second
Batting: RHB José Sánchez 0-0: Swinging Strike
0-1: SINGLE (Groundball, 34D)
Chris Henry to third
José Chávez to second
Batting: RHB Sidney Smith 0-0: Swinging Strike
0-1: Ball
1-1: Swinging Strike
1-2: Ball
2-2: Strikes out swinging
Batting: RHB Sean White 0-0: SINGLE (Flyball, 8LS)
Chris Henry scores
José Chávez to third
José Sánchez to second
Throwing error, E8
José Chávez scores
José Sánchez to third
Sean White to second
Batting: RHB Augusto Padilla 0-0: Foul Ball, location: 2F
0-1: SINGLE (Groundball, 4MD)
José Sánchez scores
Sean White to third
Runner from 3rd tries for Home, SAFE, no throw
Pitching: LHP Dave Moser
Batting: RHB Luis Manuel Miranda 0-0: Called Strike
0-1: Swinging Strike
0-2: Ball
1-2: Ball
2-2: Strikes out swinging
Batting: LHB Pancho Hernández 0-0: Foul Ball, location: 2F
0-1: Called Strike
0-2: Strikes out swinging
Top of the 2nd over - 4 run(s), 5 hit(s), 1 error(s), 1 left on base; Hartford 7 - Ottawa 0
BOTTOM OF THE 2ND
Ottawa Fat Cats batting - Pitching for Hartford Darth Whalers : RHP Carlos Bojórquez
Batting: LHB Wayne Rogers 0-0: Called Strike
0-1: Foul Ball, location: 2F
0-2: Ball
1-2: Foul Ball, location: 2F
1-2: Ball
2-2: Reached on error, E3 (Groundball, 34)
Batting: RHB Vicente Guerra 0-0: Foul Ball, location: 2F
0-1: Ball
1-1: Swinging Strike
1-2: Ball
2-2: Foul Ball, location: 2F
2-2: DOUBLE (Line Drive, 7LM)
Wayne Rogers to third
Batting: RHB Robert Blanchard 0-0: Called Strike
0-1: Called Strike
0-2: Fly out, F8 (Line Drive, 8RS)
Runner from 3rd tags up, SCORES, no throw
Batting: LHB Eric Dillard 0-0: Called Strike
0-1: Ground out 1-3 (Groundball, 15S)
Batting: RHB Wayne Scott 0-0: Fly out, F8 (Flyball, 8RS)
Bottom of the 2nd over - 1 run(s), 1 hit(s), 1 error(s), 1 left on base; Hartford 7 - Ottawa 1
TOP OF THE 3RD
Hartford Darth Whalers batting - Pitching for Ottawa Fat Cats : LHP Dave Moser
Batting: RHB Donny Boykins 0-0: Ball
1-0: Foul Ball, location: 2F
1-1: Ball
2-1: Foul Ball, location: 2F
2-2: Ground out 2-3 (Groundball, 15S)
Batting: LHB Chris Henry 0-0: Ball
1-0: Ball
2-0: Ground out 4-3 (Groundball, 4S)
Batting: RHB José Chávez 0-0: Ball
1-0: SOLO HOME RUN (Flyball, 7LD), Distance : 360 ft
Batting: RHB José Sánchez 0-0: Swinging Strike
0-1: SINGLE (Groundball, 6D)
Batting: RHB Sidney Smith 0-0: Ball
José Sánchez steals 2nd base
1-0: Ball
2-0: Foul Ball, location: 2F
2-1: Swinging Strike
2-2: Ball
3-2: Ground out 5-3 (Groundball, 56)
Top of the 3rd over - 1 run(s), 2 hit(s), 0 error(s), 1 left on base; Hartford 8 - Ottawa 1
BOTTOM OF THE 3RD
Ottawa Fat Cats batting - Pitching for Hartford Darth Whalers : RHP Carlos Bojórquez
Batting: RHB Luis Reynoso 0-0: Ball
1-0: Ball
2-0: DOUBLE (Flyball, 9D)
Batting: RHB Santiago Díaz 0-0: Ball
1-0: Fly out, F8 (Flyball, 8LM)
Batting: RHB Tim Bonner 0-0: 2-RUN HOME RUN (Flyball, 7LD), Distance : 338 ft
Batting: RHB George Green 0-0: Ball
1-0: Ball
2-0: SINGLE (Groundball, 34D)
Batting: LHB Wayne Rogers 0-0: Called Strike
0-1: SINGLE (Line Drive, 9LS)
George Green to second
Runner from 2nd tries for 3rd, SAFE, throw made to third
Batting: RHB Vicente Guerra 0-0: Ball
1-0: Ball
2-0: Called Strike
2-1: Called Strike
2-2: Foul Ball, location: 2F
2-2: Single, Error in OF, E9, batter to second base
George Green scores
Wayne Rogers to third
Batting: RHB Robert Blanchard 0-0: Foul Ball, location: 2F
0-1: Ground out 6-3 (Groundball, 6)
Wayne Rogers scores
Batting: LHB Eric Dillard 0-0: Ball
1-0: Called Strike
1-1: Ball
2-1: Foul Ball, location: 2F
2-2: Foul Ball, location: 2F
2-2: SINGLE (Groundball, 34D)
Vicente Guerra to third
Runner from 3rd tries for Home, throw and OUT!
Bottom of the 3rd over - 4 run(s), 6 hit(s), 1 error(s), 1 left on base; Hartford 8 - Ottawa 5
TOP OF THE 4TH
Hartford Darth Whalers batting - Pitching for Ottawa Fat Cats : LHP Dave Moser
Batting: RHB Sean White 0-0: Ball
1-0: Called Strike
1-1: SINGLE (Flyball, 78S)
Batting: RHB Augusto Padilla 0-0: Called Strike
0-1: Ball
1-1: 2-RUN HOME RUN (Line Drive, 8LXD), Distance : 434 ft
Pitching: RHP Wilson Flores
Batting: RHB Luis Manuel Miranda 0-0: Fly out, F4 (Line Drive, 4)
Batting: LHB Pancho Hernández 0-0: Ball
1-0: Called Strike
1-1: Ball
2-1: Called Strike
2-2: Strikes out looking
Batting: RHB Donny Boykins 0-0: SINGLE (Line Drive, 7S)
Batting: LHB Chris Henry 0-0: Fielders Choice at 2nd, 6-4 (Groundball, 6)
Top of the 4th over - 2 run(s), 3 hit(s), 0 error(s), 0 left on base; Hartford 10 - Ottawa 5
BOTTOM OF THE 4TH
Ottawa Fat Cats batting - Pitching for Hartford Darth Whalers : RHP Carlos Bojórquez
Batting: RHB Wayne Scott 0-0: Foul Ball, location: 2F
0-1: Ball
1-1: Ground out 1-3 (Groundball, P)
Batting: RHB Luis Reynoso 0-0: Swinging Strike
0-1: Ball
1-1: Foul Ball, location: 2F
1-2: Ball
2-2: Ball
3-2: Strikes out swinging
Batting: RHB Santiago Díaz 0-0: Ball
1-0: Ground out 1-3 (Groundball, 15S)
Bottom of the 4th over - 0 run(s), 0 hit(s), 0 error(s), 0 left on base; Hartford 10 - Ottawa 5
TOP OF THE 5TH
Hartford Darth Whalers batting - Pitching for Ottawa Fat Cats : RHP Wilson Flores
Batting: RHB José Chávez 0-0: Fly out, F9 (Flyball, 9LS)
Batting: RHB José Sánchez 0-0: Hit by Pitch
Batting: RHB Sidney Smith 0-0: Called Strike
José Sánchez steals 2nd base
0-1: Ground out 5-3 (Groundball, 56)
Batting: RHB Sean White 0-0: Called Strike
0-1: Foul Ball, location: 2F
0-2: Strikes out looking
Top of the 5th over - 0 run(s), 0 hit(s), 0 error(s), 1 left on base; Hartford 10 - Ottawa 5
BOTTOM OF THE 5TH
Ottawa Fat Cats batting - Pitching for Hartford Darth Whalers : RHP Carlos Bojórquez
Batting: RHB Tim Bonner 0-0: Called Strike
0-1: Ball
1-1: Swinging Strike
1-2: Strikes out swinging
Batting: RHB George Green 0-0: Called Strike
0-1: Ball
1-1: Ball
2-1: Foul Ball, location: 2F
2-2: Ball
3-2: Strikes out swinging
Batting: LHB Wayne Rogers 0-0: Foul Ball, location: 2F
0-1: Called Strike
0-2: Strikes out swinging
Bottom of the 5th over - 0 run(s), 0 hit(s), 0 error(s), 0 left on base; Hartford 10 - Ottawa 5
TOP OF THE 6TH
Hartford Darth Whalers batting - Pitching for Ottawa Fat Cats : RHP Wilson Flores
Batting: RHB Augusto Padilla 0-0: Ball
1-0: Ball
2-0: Ball
3-0: Called Strike
3-1: Foul Ball, location: 2F
3-2: Strikes out swinging
Batting: RHB Luis Manuel Miranda 0-0: Called Strike
0-1: Ball
1-1: Swinging Strike
1-2: Foul Ball, location: 2F
1-2: Ball
2-2: Ball
3-2: Strikes out swinging
Batting: LHB Pancho Hernández 0-0: Called Strike
0-1: Foul Ball, location: 2F
0-2: Foul Ball, location: 2F
0-2: Strikes out looking
Top of the 6th over - 0 run(s), 0 hit(s), 0 error(s), 0 left on base; Hartford 10 - Ottawa 5
BOTTOM OF THE 6TH
Ottawa Fat Cats batting - Pitching for Hartford Darth Whalers : RHP Carlos Bojórquez
Pitching: RHP António Gómez
Batting: RHB Vicente Guerra 0-0: Called Strike
0-1: Foul Ball, location: 2F
0-2: Ball
1-2: Strikes out swinging
Batting: RHB Robert Blanchard 0-0: SINGLE (Line Drive, 4M)
Batting: LHB Eric Dillard 0-0: Swinging Strike
0-1: Ball
1-1: Swinging Strike
1-2: Strikes out looking
Batting: RHB Wayne Scott 0-0: Ball
Robert Blanchard steals 2nd base
1-0: Fly out, F9 (Flyball, 9S)
Bottom of the 6th over - 0 run(s), 1 hit(s), 0 error(s), 1 left on base; Hartford 10 - Ottawa 5
TOP OF THE 7TH
Hartford Darth Whalers batting - Pitching for Ottawa Fat Cats : RHP Wilson Flores
Batting: RHB Donny Boykins 0-0: Ball
1-0: SINGLE (Line Drive, 34D)
Batting: LHB Chris Henry 0-0: Called Strike
0-1: Ball
1-1: Ball
2-1: Called Strike
2-2: Ball
3-2: Strikes out looking
Batting: RHB José Chávez 0-0: Foul Ball, location: 2F
0-1: Grounds into double play, 4-6-3 (Groundball, 4)
Top of the 7th over - 0 run(s), 1 hit(s), 0 error(s), 0 left on base; Hartford 10 - Ottawa 5
BOTTOM OF THE 7TH
Ottawa Fat Cats batting - Pitching for Hartford Darth Whalers : RHP António Gómez
Batting: RHB Luis Reynoso 0-0: Ball
1-0: Ball
2-0: Ball
3-0: Called Strike
3-1: Called Strike
3-2: Foul Ball, location: 2F
3-2: Foul Ball, location: 2F
3-2: Ground out 6-3 (Groundball, 6)
Batting: RHB Santiago Díaz 0-0: Called Strike
0-1: Ball
1-1: Ball
2-1: Fly out, F8 (Flyball, 8LM)
Batting: RHB Tim Bonner 0-0: Ball
1-0: Foul Ball, location: 2F
1-1: Called Strike
1-2: Fly out, F7 (Flyball, 7S)
Bottom of the 7th over - 0 run(s), 0 hit(s), 0 error(s), 0 left on base; Hartford 10 - Ottawa 5
TOP OF THE 8TH
Hartford Darth Whalers batting - Pitching for Ottawa Fat Cats : RHP Wilson Flores
Pitching: RHP Carlos Montés
Batting: RHB José Sánchez 0-0: Ball
1-0: Called Strike
1-1: Swinging Strike
1-2: Ball
2-2: Strikes out looking
Batting: RHB Sidney Smith 0-0: Called Strike
0-1: Ball
1-1: Ground out 5-3 (Groundball, 5)
Batting: RHB Sean White 0-0: Called Strike
0-1: Called Strike
0-2: Ball
1-2: Foul Ball, location: 2F
1-2: Ball
2-2: Strikes out swinging
Top of the 8th over - 0 run(s), 0 hit(s), 0 error(s), 0 left on base; Hartford 10 - Ottawa 5
BOTTOM OF THE 8TH
Ottawa Fat Cats batting - Pitching for Hartford Darth Whalers : RHP António Gómez
Batting: RHB George Green 0-0: Called Strike
0-1: Fly out, F6 (Line Drive, 6D)
Batting: LHB Wayne Rogers 0-0: Ball
1-0: Foul Ball, location: 2F
1-1: Swinging Strike
1-2: Foul Ball, location: 2F
1-2: Strikes out swinging
Batting: RHB Vicente Guerra 0-0: Ball
1-0: Swinging Strike
1-1: Ball
2-1: Foul Ball, location: 2F
2-2: Ball
3-2: Ground out 4-3 (Groundball, 4M)
Bottom of the 8th over - 0 run(s), 0 hit(s), 0 error(s), 0 left on base; Hartford 10 - Ottawa 5
TOP OF THE 9TH
Hartford Darth Whalers batting - Pitching for Ottawa Fat Cats : RHP Carlos Montés
Batting: RHB Augusto Padilla 0-0: Ball
1-0: Called Strike
1-1: Fly out, F4 (Popup, 34D)
Batting: RHB Luis Manuel Miranda 0-0: Ball
1-0: Ball
2-0: Foul Ball, location: 2F
2-1: Foul Ball, location: 2F
2-2: Strikes out swinging, 2-3 out at first.
Batting: LHB Pancho Hernández 0-0: Foul Ball, location: 2F
0-1: Ball
1-1: Fly out, F7 (Flyball, 78M)
Top of the 9th over - 0 run(s), 0 hit(s), 0 error(s), 0 left on base; Hartford 10 - Ottawa 5
BOTTOM OF THE 9TH
Ottawa Fat Cats batting - Pitching for Hartford Darth Whalers : RHP António Gómez
Now in RF: Manuel Cintrón
Batting: RHB Robert Blanchard 0-0: Called Strike
0-1: Called Strike
0-2: Ball
1-2: Ball
2-2: Foul Ball, location: 2F
2-2: Foul Ball, location: 2F
2-2: SOLO HOME RUN (Line Drive, 78XD), Distance : 394 ft
Batting: LHB Eric Dillard 0-0: Ball
1-0: Ball
2-0: Called Strike
2-1: Called Strike
2-2: Foul Ball, location: 2F
2-2: Ball
3-2: SOLO HOME RUN (Flyball, 89XD), Distance : 392 ft
Pitching: RHP Cipriano Vega
Batting: RHB Wayne Scott 0-0: Ball
1-0: Called Strike
1-1: Swinging Strike
1-2: Strikes out looking
Batting: RHB Luis Reynoso 0-0: Ball
1-0: Called Strike
1-1: Ground out 6-3 (Groundball, 6S)
Batting: RHB Santiago Díaz 0-0: Swinging Strike
0-1: Swinging Strike
0-2: Strikes out swinging
Bottom of the 9th over - 2 run(s), 2 hit(s), 0 error(s), 0 left on base; Hartford 10 - Ottawa 7
Thursday, March 30th, 2017 - OOTP Baseball 17.12 Build 75